 Dungeon Crawl Stone Soup version 0.29-a0-308-g4e025c60ea (webtiles) character file.

Game seed: 9301967722426975334

272 GordonOverkill the Archer (level 6, -3/34 HPs)
             Began as a Deep Elf Hunter on Mar 28, 2022.
             Killed by divine providence
             ... invoked by an orc priest
              (15 damage)
             ... on level 3 of the Dungeon.
             The game lasted 00:06:28 (3218 turns).

GordonOverkill the Archer (Deep Elf Hunter)         Turns: 3218, Time: 00:06:29

Health: -3/34      AC:  9    Str: 10    XL:     6   Next: 2%
Magic:  8/8        EV:  9    Int: 14    God:
Gold:   179        SH:  0    Dex: 18    Spells: 5/5 levels left

rFire   + . .      SeeInvis .   a - +1 shortbow
rCold   . . .      Faith    .   (shield currently unavailable)
rNeg    . . .      Spirit   .   n - +1 scale mail {rF+}
rPois   .          Reflect  .   (no helmet)
rElec   .          Harm     .   (no cloak)
rCorr   .          Rampage  .   j - +0 pair of gloves
Will    .....                   d - +0 pair of boots
Stlth   +.........              (no amulet)
HPRegen 0.11/turn               f - +4 ring of slaying
MPRegen 0.11/turn               (no ring)

@: no status effects
A: no striking features
a: no special abilities


You were on level 3 of the Dungeon.
You visited 1 branch of the dungeon, and saw 4 of its levels.

You collected 179 gold pieces.

Inventory:

Hand Weapons
 a - a +1 shortbow (weapon)
Armour
 d - a +0 pair of boots (worn)
 j - a +0 pair of gloves (worn)
 n - a +1 scale mail of fire resistance (worn)
Jewellery
 f - a +4 ring of slaying (left hand)
Wands
 h - a wand of flame (11)
Scrolls
 b - 3 scrolls of blinking
 c - 2 scrolls of immolation
 g - a scroll of enchant weapon {unknown}
 l - a scroll of silence {unknown}
 m - a scroll of vulnerability {unknown}
Potions
 i - a potion of might
 p - a potion of lignification {unknown}
 q - a potion of invisibility {unknown}


   Skills:
 - Level 1.5 Fighting
 + Level 9.6 Bows
 - Level 2.4 Dodging
 - Level 1.2 Stealth


You had 5 spell levels left.
You didn't know any spells.
Your spell library contained the following spells:

 Spells                   Type           Power      Damage    Failure   Level
 Animate Skeleton         Necr           0%         N/A       91%         1
 Apportation              Tloc           0%         N/A       91%         1
 Magic Dart               Conj           0%         1d3       91%         1
 Summon Small Mammal      Summ           0%         N/A       91%         1
 Call Imp                 Summ           0%         N/A       97%         2
 Mephitic Cloud           Conj/Pois/Air  0%         N/A       99%         3
 Petrify                  Tmut/Erth      0%         N/A       100%        4
 Summon Ice Beast         Ice/Summ       0%         N/A       100%        4
 Metabolic Englaciation   Hex/Ice        0%         N/A       100%        5
 Summon Mana Viper        Hex/Summ       0%         N/A       100%        5
 Statue Form              Tmut/Erth      0%         N/A       100%        6
 Monstrous Menagerie      Summ           0%         N/A       100%        7


Dungeon Overview and Level Annotations

Branches:
Dungeon (4/15)
 Temple: D:4-7

Altars:


Message History

There is a stone staircase leading up here.
You shoot an arrow. The arrow closely misses the orc.
The orc hits you with a +0 hand axe.
You shoot an arrow. The arrow barely misses the orc.
The orc misses you.
You shoot an arrow. The arrow hits the orc!
You kill the orc!
No target in view!
No target in view!
No target in view!
You start resting.
HP restored.
(D) Dungeon
Where to? (Enter - D:4, ? - help)
There is a stone staircase leading down here.
You climb downwards.
You hear the sound of rushing water.
There is an entrance to a sewer on this level.
Hurry and find it before the portal rusts away!
You hear the slow rusting of a distant drain.
The orc hits you with a +0 club. The orc hits you but does no damage.
The orc closely misses you. The orc completely misses you.
There is a stone staircase leading up here.
The orc hits you but does no damage.
The orc priest hits you but does no damage.
The orc hits you but does no damage.
You climb upwards.
There is a stone staircase leading down here.
The orc priest mumbles some strange prayers to Beogh against you.
Pain shoots through your body!
* * * LOW HITPOINT WARNING * * *
The orc hits you with a +0 club.
* * * LOW HITPOINT WARNING * * *
The orc attacks as you move away! The orc hits you with a +0 club.
* * * LOW HITPOINT WARNING * * *
The orc priest casts a cantrip, but nothing happens.
Okay, then.
Unknown command.
The orc attacks as you move away! The orc barely misses you.
The orc priest mumbles some strange prayers to Beogh against you.
Beogh smites you!
You die...

..........##.......#.............
..........####.....#...!.........
.........### #.....#........#####
...........# #.....######....#
......#...## #####.#...###'#.####
......#...# #.#.#.###.......
......###.##### #.#.....#.##....
#####.#.....()####.###..##.##)###
....#.#.#)###.#.@.o###..##....†..
......).....#<#.##.o........##.##
......#.#.#.#.).........###.##)#
......#...#.#.#.###.#o###....#.#
......#####§#[).....#.#...####.#
....#.......#.#####..>#.######.##
..........#.#.# #...#..........
.......#..#.#.#####....[.#####...
.......#..#.#.##...........# #...


You could see an orc priest and 2 orcs.

Vanquished Creatures
  An orc priest (D:3)
  A jelly (D:2)
  4 orc wizards
  4 adders
  2 worms
  2 dart slugs
  11 orcs
  4 endoplasms
  2 giant cockroaches
  4 goblins
  4 hobgoblins
  6 jackals (D:1)
  2 kobolds
  A quokka (D:1)
  3 ball pythons
  3 bats
  5 frilled lizards
  3 rats
62 creatures vanquished.

Notes
Turn   | Place    | Note
-------+----------+-------------------------------------------
     0 | D:1      | GordonOverkill the Deep Elf Hunter began the quest for the
                  | Orb.
     0 | D:1      | Reached XP level 1. HP: 12/12 MP: 3/3
   121 | D:1      | Reached skill level 6 in Bows
   121 | D:1      | Reached XP level 2. HP: 16/16 MP: 4/4
  1058 | D:2      | Reached XP level 3. HP: 20/20 MP: 5/5
  1069 | D:2      | Found a faded altar of an unknown god.
  1232 | D:2      | Reached skill level 7 in Bows
  1232 | D:2      | Reached XP level 4. HP: 25/25 MP: 6/6
  1836 | D:2      | Reached skill level 8 in Bows
  1903 | D:2      | Reached XP level 5. HP: 23/29 MP: 7/7
  2289 | D:3      | Reached skill level 9 in Bows
  2661 | D:3      | Reached XP level 6. HP: 34/34 MP: 8/8
  3218 | D:3      | Killed from afar by an orc priest

Illustrated notes

Levels and vault maps discovered:
D:1:      amcnicky_arrival_double_pillar, layout_loops_ring,
          nicolae_figureground_sparkle
D:2:      layout_loops_ring, hellmonk_ecumenical_altar_zigzags,
          eino_tiny_chamber, serial_bayou_pond_a
D:3:      layout_basic
D:4:      layout_rooms, portal_sewer_entry_a, minmay_fractal_squares_gapless_5

Skill      XL: |  1  2  3  4  5 |
---------------+----------------+-----
Bows           | 6 7 8 9 |  9.6
Fighting       | |  1.5
Dodging        | |  2.4
Stealth        | |  1.2

Action                   |  1- 3 |  4- 6 || total
-------------------------+-------+-------++-------
Melee: Shortbow          |       |     1 ||     1
 Fire: Shortbow          |    50 |    99 ||   149
  Use: Scroll            |       |     6 ||     6
       Potion            |       |     1 ||     1
Armor: Chain mail        |     1 |    64 ||    65
       Scale mail        |       |     8 ||     8
Dodge: Dodged            |     5 |    20 ||    25

Table legend: (Time is in decaauts)
 A = Elapsed time spent in this place.
 B = Non-inter-level travel time spent in this place.
 C = Inter-level travel time spent in this place.
 D = Time resting spent in this place.
 E = Time spent auto-exploring this place.
 F = Levels seen in this place.
 G = Mean time per level.
                   A        B        C        D        E       F      G
               +--------+--------+--------+--------+--------+-----+--------+
         Total |   3311 |   3136 |    175 |    819 |   1741 |   4 |  827.8 |
       Dungeon |   3311 |   3136 |    175 |    819 |   1741 |   4 |  827.8 |
               +--------+--------+--------+--------+--------+-----+--------+

Top non-repeatable levels by time:
     D:2: 1504 daAuts
     D:1: 1096 daAuts
     D:3: 698 daAuts
     D:4: 12 daAuts
